 Dungeon Crawl Stone Soup version 0.29-a0-323-g050149af67 (webtiles) character file.

Game seed: 8538302866917812370

70 Jortsu the Shield-Bearer (level 4, -6/35 HPs)
             Began as a Vampire Fighter on Apr 10, 2022.
             Was a Follower of Kikubaaqudgha.
             Mangled by an iguana (12 damage)
             ... on level 4 of the Dungeon.
             The game lasted 00:04:24 (1762 turns).

Jortsu the Shield-Bearer (Vampire Fighter)          Turns: 1762, Time: 00:04:25

Health: -6/35      AC:  7    Str: 17    XL:     4   Next: 3%
Magic:  4/4        EV:  9    Int: 10    God:    Kikubaaqudgha [*.....]
Gold:   280        SH:  4    Dex: 13    Spells: 3/3 levels left

rFire   . . .      SeeInvis +   a - +0 long sword
rCold   . . .      Faith    .   c - +0 buckler
rNeg    . . .      Spirit   .   b - +0 scale mail
rPois   .          Reflect  .   e - +0 helmet
rElec   .          Harm     .   (no cloak)
rCorr   .          Rampage  .   (no gloves)
Will    .....                   (no boots)
Stlth   ..........              (no amulet)
HPRegen 0.31/turn               (no ring)
MPRegen 0.09/turn               (no ring)

@: healing quickly
A: alive, fangs 3, see invisible, vampiric 2
a: Exsanguinate, Renounce Religion, Receive Corpses


You were on level 4 of the Dungeon.
You worshipped Kikubaaqudgha.
Kikubaaqudgha was aware of your devotion.
You visited 1 branch of the dungeon, and saw 4 of its levels.

You collected 280 gold pieces.

Inventory:

Hand Weapons
 a - a +0 long sword (weapon)
Armour
 b - a +0 scale mail (worn)
 c - a +0 buckler (worn)
 e - a +0 helmet (worn)
Jewellery
 i - an amulet of faith
Scrolls
 l - a scroll of teleportation
 m - a scroll of vulnerability {unknown}
Potions
 d - a potion of might
 f - 2 potions of degeneration {unknown}
 g - 3 potions of ambrosia
 h - 2 potions of curing
 j - 2 potions of lignification
 k - a potion of heal wounds {unknown}


   Skills:
 + Level 3.0 Fighting
 + Level 3.1 Long Blades
 + Level 2.9 Armour
 + Level 0.1 Dodging
 + Level 3.1 Shields


You had 3 spell levels left.
You didn't know any spells.
Your spell library contained the following spells:

 Spells                   Type           Power      Damage    Failure   Level
 Animate Skeleton         Necr           0%         N/A       86%         1
 Slow                     Hex            0%         N/A       86%         1
 Corpse Rot               Necr/Air       0%         N/A       94%         2
 Ensorcelled Hibernation  Hex/Ice        0%         N/A       94%         2
 Passwall                 Tmut/Erth      0%         N/A       94%         2
 Sublimation of Blood     Necr           0%         N/A       94%         2
 Confusing Touch          Hex            0%         N/A       99%         3
 Swiftness                Air            0%         N/A       99%         3
 Vampiric Draining        Necr           0%         2d6       99%         3
 Agony                    Necr           0%         N/A       100%        5


Dungeon Overview and Level Annotations

Branches:
Dungeon (4/15)
 Temple: D:4-7

Altars:
Gozag
Kikubaaqudgha
Wu Jian

Shops:
D:1 ?   D:2 *


Innate Abilities, Weirdness & Mutations

Your natural rate of healing is accelerated.
You have razor-sharp teeth.
You have supernaturally acute eyesight. (SInv)
You are afflicted with vampirism and can become a bat while bloodless.


Message History

Found a stone staircase leading up.
f - 2 pink potions
Found 24 stones.
You now have 280 gold pieces (gained 9).
Found a stone staircase leading up.
There is a stone staircase leading up here.
m - a scroll labelled HOIPIR FAOLI You hear the slow hiss of a very distant avalanche of sand.
An iguana comes into view.
The iguana hisses angrily.
The iguana bites you but does no damage.
You closely miss the iguana. The iguana closely misses you.
You barely miss the iguana. The iguana bites you!
You hit the iguana but do no damage. The iguana barely misses you.
You closely miss the iguana. The iguana bites you!
The iguana barely misses you.
You hit the iguana but do no damage. The iguana closely misses you.
You hit the iguana. You bite the iguana, but do no damage.
The iguana is lightly wounded.
The iguana barely misses you.
You hit the iguana but do no damage. Your bite misses the iguana.
The iguana is lightly wounded.
The iguana barely misses you. x2
You closely miss the iguana. You bite the iguana.
The iguana is moderately wounded.
The iguana bites you.
You hit the iguana.
The iguana is moderately wounded.
The iguana bites you.
* * * LOW HITPOINT WARNING * * *
You hit the iguana.
The iguana is heavily wounded.
The iguana bites you but does no damage.
The iguana bites you.
* * * LOW HITPOINT WARNING * * *
You hit the iguana but do no damage.
The iguana is heavily wounded.
The iguana bites you!
You die...
Kikubaaqudgha rasps: "You have failed me!
Welcome... death!"

.........####### ###
##.######...##... ..#
#............#.#######.#
#..####.#...#........#.#
#.......#####...<....#.#
#.......## #........#.#
#.######.###.........#..
#.######................
......l@.......(........
...........<#...........
..####.#.###............
#.#.# #..######....
#?#.# .## #.#.# .....
#.### ..... #. ... ..#
#.


You could see an iguana.

Vanquished Creatures
  An adder (D:3)
  3 dart slugs
  4 bats
  3 endoplasms
  9 goblins
  6 hobgoblins
  9 kobolds
  A quokka (D:1)
  5 ball pythons
  4 frilled lizards
  7 rats
52 creatures vanquished.

Notes
Turn   | Place    | Note
-------+----------+-------------------------------------------
     0 | D:1      | Jortsu the Vampire Fighter began the quest for the Orb.
     0 | D:1      | Reached XP level 1. HP: 17/17 MP: 1/1
    10 | D:1      | Found Iteto's Magic Scroll Shoppe.
    95 | D:1      | Reached XP level 2. HP: 23/23 MP: 2/2
   477 | D:1      | Found an ornate altar of the Wu Jian Council.
   575 | D:2      | Gained mutation: You are afflicted with vampirism and can
                  | become a bat while bloodless. [Vampire growth]
   575 | D:2      | Reached XP level 3. HP: 26/28 MP: 3/3
   802 | D:2      | Found Syxath's General Store.
   916 | D:2      | Found a faded altar of an unknown god.
   924 | D:2      | Prayed at the altar of an unknown god.
   924 | D:2      | Became a worshipper of Kikubaaqudgha
   924 | D:2      | Reached * piety under Kikubaaqudgha
   924 | D:2      | Received a gift from Kikubaaqudgha
  1011 | D:3      | Found an opulent altar of Gozag.
  1432 | D:3      | Reached XP level 4. HP: 33/35 MP: 4/4
  1762 | D:4      | Mangled by an iguana

Illustrated notes

Levels and vault maps discovered:
D:1:      sevenhm_arrival_forest_fort_small_6, layout_rooms, serial_shops,
          shop_scrolls
D:2:      layout_rooms, serial_shops, shop,
          hellmonk_ecumenical_altar_arch_garden
D:3:      layout_basic, nicolae_gozag_cash_rules_everything_around_me,
          serial_curves, eino_curves_04, eino_curves_04
D:4:      layout_loops_ring, dk_yredelemnul_ordeal,
          gammafunk_temple_overflow_statue, minmay_temple_entry_glassed_door,
          enter_ossuary_5

Skill      XL: |  1  2  3 |
---------------+----------+-----
Shields        | 3 |  3.1
Long Blades    | 3 |  3.1
Fighting       | 3 |  3.0
Armour         | |  2.9
Dodging        | |  0.1

Action                   |  1- 3 |  4- 6 || total
-------------------------+-------+-------++-------
Melee: Long sword        |   121 |    15 ||   136
       Bite              |    10 |     2 ||    12
  Use: Scroll            |     8 |     1 ||     9
Armor: Scale mail        |    68 |     4 ||    72
Dodge: Dodged            |    56 |     7 ||    63
Block: Buckler           |    41 |       ||    41

Table legend: (Time is in decaauts)
 A = Elapsed time spent in this place.
 B = Non-inter-level travel time spent in this place.
 C = Inter-level travel time spent in this place.
 D = Time resting spent in this place.
 E = Time spent auto-exploring this place.
 F = Levels seen in this place.
 G = Mean time per level.
                   A        B        C        D        E       F      G
               +--------+--------+--------+--------+--------+-----+--------+
         Total |   1806 |   1722 |     84 |     33 |   1153 |   4 |  451.5 |
       Dungeon |   1806 |   1722 |     84 |     33 |   1153 |   4 |  451.5 |
               +--------+--------+--------+--------+--------+-----+--------+

Top non-repeatable levels by time:
     D:3: 739 daAuts
     D:1: 560 daAuts
     D:2: 438 daAuts
     D:4: 67 daAuts
